 Dungeon Crawl Stone Soup version 0.28-a0-1624-g820543e53a (webtiles) character file.

Game seed: 13262970474642997122

112 dolemite99 the Chiller (level 4, -2/30 HPs)
             Began as a Demonspawn Ice Elementalist on Jan 24, 2022.
             Was a Priest of Lugonu.
             Slain by a killer bee (6 damage)
             ... on level 4 of the Dungeon.
             The game lasted 00:05:39 (5281 turns).

dolemite99 the Chiller (DsIE)                       Turns: 5281, Time: 00:05:40

Health: -2/30      AC:  4    Str: 14    XL:     4   Next: 64%
Magic:  4/7        EV: 12    Int: 19    God:    Lugonu [***...]
Gold:   105        SH:  0    Dex: 13    Spells: 4/8 levels left

rFire   . . .      SeeInvis .   s - +0 rapier
rCold   . . .      Faith    .   (no shield)
rNeg    . . .      Spirit   .   a - +0 robe
rPois   .          Reflect  .   r - +0 helmet
rElec   .          Harm     .   (no cloak)
rCorr   .          Rampage  .   (no gloves)
Will    +....                   m - +0 pair of boots
Stlth   ++........              (no amulet)
HPRegen 0.10/turn               j - ring of willpower
MPRegen 0.10/turn               v - +6 ring of strength

@: lethally poisoned (-2 -> -5), freezing walls
A: demonic touch 2
a: Renounce Religion, Depart the Abyss, Bend Space, Banish


You were on level 4 of the Dungeon.
You worshipped Lugonu.
Lugonu was most pleased with you.
You visited 1 branch of the dungeon, and saw 4 of its levels.

You collected 105 gold pieces.

Inventory:

Hand Weapons
 b - a +0 club
 d - a +0 dagger
 n - a +0 hunting sling
 s - a +0 rapier (weapon)
Missiles
 f - 3 boomerangs
 l - 49 sling bullets
 o - 76 stones
Armour
 a - a +0 robe (worn)
 m - a +0 pair of boots (worn)
 r - a +0 helmet (worn)
Jewellery
 j - a ring of willpower (left hand)
 p - a ring of poison resistance
 v - a +6 ring of strength (right hand)
Scrolls
 g - 4 scrolls of identify {unknown}
 h - 2 scrolls of fear {unknown}
 i - a scroll of teleportation {unknown}
 q - a scroll of fog {unknown}
 t - a scroll of immolation {unknown}
 u - a scroll of noise {unknown}
 x - a scroll of magic mapping {unknown}
Potions
 c - a potion of attraction {unknown}
 e - a potion of lignification {unknown}
 k - 3 potions of curing {unknown}
 w - a potion of cancellation {unknown}


   Skills:
 - Level 2.3 Dodging
 - Level 2.3 Stealth
 - Level 2.5 Spellcasting
 + Level 4.7 Ice Magic


You had 4 spell levels left.
You knew the following spells:

 Your Spells              Type           Power      Damage    Failure   Level
a - Freeze                Ice            80%        1d9       2%          1
b - Frozen Ramparts       Ice            40%        1d6       7%          3

Your spell library contained the following spells:

 Spells                   Type           Power      Damage    Failure   Level
 Ozocubu's Armour         Ice            20%        N/A       7%          3
 Hailstorm                Conj/Ice       11%        3d5       52%         4
 Borgnjor's Revivificati  Necr           1%         N/A       100%        8
 Necromutation            Tmut/Necr      1%         N/A       100%        8
 Death's Door             Necr           1%         N/A       100%        9


Dungeon Overview and Level Annotations

Branches:
Dungeon (4/15)
 Temple: D:4-7

Altars:
Uskayaw
Lugonu

Shops:
D:1 =

Annotations:
D:2 exclusion: downstairs
D:3 3 runed translucent doors, soggyman666's ghost, amateur DgFE


Innate Abilities, Weirdness & Mutations

Your touch may inflict irresistible damage on your foes.


Message History

A killer bee comes into view.
The killer bee buzzes angrily. x2
You see here a ball python corpse. 2 killer bees come into view.
The killer bee buzzes angrily.
You hear an angry buzzing noise.
A killer bee comes into view.
The killer bee stings you but does no damage.
The killer bee stings you.
You are poisoned.
The killer bee poisons you! The killer bee barely misses you.
You feel very sick. The killer bee stings you.
The killer bee barely misses you.
You feel sick.
You feel sick. The killer bee stings you.
* * * LOW HITPOINT WARNING * * *
The killer bee stings you but does no damage.
The killer bee stings you.
* * * LOW HITPOINT WARNING * * *
Casting: Freeze (safe; 2% risk of failure)
Confirm with . or Enter, or press ? or * to list all spells.
The spell is quite dangerous to miscast (7% risk of failure)!
Continue anyway? [Y]es or [N]o only, please.
The spell is quite dangerous to miscast (7% risk of failure)!
Continue anyway? [Y]es or [N]o only, please.
The spell is quite dangerous to miscast (7% risk of failure)!
Continue anyway?
Okay, then.
Casting: Frozen Ramparts (quite dangerous; 7% risk of failure)
Confirm with . or Enter, or press ? or * to list all spells.
The spell is quite dangerous to miscast (7% risk of failure)!
Continue anyway? [Y]es or [N]o only, please.
The spell is quite dangerous to miscast (7% risk of failure)!
Continue anyway?
Casting: Frozen Ramparts (quite dangerous; 7% risk of failure)
Press: ? - help, Dir - look around, f - activate The walls around you are covered in ice.
* * * LOW HITPOINT WARNING * * *
You feel sick.
The wall freezes the killer bee.
The killer bee barely misses you.
The wall freezes the killer bee.
The killer bee barely misses you.
The wall freezes the killer bee. x3
The killer bee stings you.
You die...

...$...........#.
.................
..............##
...............# #..
#........†#....# #..##
..##.....# #..
.....##..##yy###
##...#... #yy# #
##..#.#.# ####@##
.##...#...###.....####.
........................
.......................#
..†.....................
#..............#.#s...##
##....##.......#......#
##....##.......#.##...#
#........#........ #...


You could see a scorpion and 4 killer bees.

Vanquished Creatures
  4 adders
  3 dart slugs
  A worm (D:2)
  An orc (D:3)
  2 ball pythons
  7 endoplasms
  2 giant cockroaches
  6 goblins
  9 hobgoblins
  2 jackals (D:1)
  6 kobolds
  5 quokkas
  7 bats
  7 frilled lizards
  2 rats
64 creatures vanquished.

Notes
Turn   | Place    | Note
-------+----------+-------------------------------------------
     0 | D:1      | dolemite99 the Demonspawn Ice Elementalist began the quest
                  | for the Orb.
     0 | D:1      | Reached XP level 1. HP: 13/13 MP: 3/3
   813 | D:1      | Gained mutation: Your touch may inflict minor irresistible
                  | damage on your foes. [demonic ancestry]
   813 | D:1      | Reached XP level 2. HP: 13/19 MP: 0/5
  1849 | D:1      | Found a faded altar of an unknown god.
  1872 | D:1      | Prayed at the altar of an unknown god.
  1872 | D:1      | Became a worshipper of Lugonu the Unformed
  1872 | D:1      | Reached * piety under Lugonu
  1872 | D:1      | Reached ** piety under Lugonu
  2256 | D:1      | Found Qijylajuopn's One-of-a-Kind Rings.
  2338 | D:2      | Reached XP level 3. HP: 22/24 MP: 2/6
  3366 | D:1      | Reached skill level 4 in Ice Magic
  3895 | D:2      | Gained mutation: Your touch may inflict irresistible damage
                  | on your foes. [demonic ancestry]
  3895 | D:2      | Reached XP level 4. HP: 17/30 MP: 1/7
  4456 | D:3      | Noticed a black bear
  4506 | D:3      | Learned a level 3 spell: Frozen Ramparts
  4872 | D:3      | Found a hide-covered altar of Uskayaw.
  4982 | D:3      | Found a runed translucent gate.
  4983 | D:3      | Found a runed translucent gate.
  4985 | D:3      | Found a runed translucent gate.
  4987 | D:3      | Noticed soggyman666's ghost (amateur DgFE)
  4992 | D:3      | Noticed a kobold brigand
  5156 | D:4      | Noticed a black bear
  5169 | D:3      | Reached *** piety under Lugonu
  5264 | D:4      | Noticed a scorpion
  5266 | D:4      | Noticed an ogre
  5281 | D:4      | Slain by a killer bee

Illustrated notes

Levels and vault maps discovered:
D:1:      lemuel_arrival_behind_the_door_small, layout_basic,
          chequers_ecumenical_altar_island, nicolae_shop_unique_rings
D:2:      layout_rooms, minmay_lizard_pond
D:3:      layout_loops_corners, marbit_many_paths, gammafunk_ghost_nasty_kobolds
D:4:      layout_cave_pools, portal_sewer_entry_b

Skill      XL: |  1  2  3 |
---------------+----------+-----
Dodging        | 2 |  2.3
Stealth        | 2 |  2.3
Ice Magic      | 4 |  4.7
Spellcasting   | |  2.5

Action                   |  1- 3 |  4- 6 || total
-------------------------+-------+-------++-------
Melee: Unarmed           |     7 |       ||     7
       Club              |     2 |       ||     2
       Dagger            |    51 |       ||    51
       Touch             |     6 |     1 ||     7
       Rapier            |       |     8 ||     8
 Cast: Freeze            |    63 |    21 ||    84
       Frozen Ramparts   |       |     1 ||     1
Armor: Robe              |    27 |     9 ||    36
Dodge: Dodged            |    89 |    24 ||   113

Table legend: (Time is in decaauts)
 A = Elapsed time spent in this place.
 B = Non-inter-level travel time spent in this place.
 C = Inter-level travel time spent in this place.
 D = Time resting spent in this place.
 E = Time spent auto-exploring this place.
 F = Levels seen in this place.
 G = Mean time per level.
                   A        B        C        D        E       F      G
               +--------+--------+--------+--------+--------+-----+--------+
         Total |   5291 |   5232 |     59 |   3098 |   1413 |   4 | 1322.8 |
       Dungeon |   5291 |   5232 |     59 |   3098 |   1413 |   4 | 1322.8 |
               +--------+--------+--------+--------+--------+-----+--------+

Top non-repeatable levels by time:
     D:1: 3242 daAuts
     D:2: 1226 daAuts
     D:3: 758 daAuts
     D:4: 64 daAuts
